 Dungeon Crawl Stone Soup version 0.30.1-9-gdf580d7c3d (webtiles) character file.

Game seed: 12142640571232933435

86 Peloso the Covered (level 4, -5/40 HPs)
             Began as a Minotaur Fighter on Oct 20, 2023.
             Slain by a gnoll
             ... wielding a +0 halberd
              (8 damage)
             ... on level 3 of the Dungeon.
             The game lasted 00:03:05 (1729 turns).

Peloso the Covered (Minotaur Fighter)               Turns: 1729, Time: 00:03:06

Health: -5/40      AC:  7    Str: 21    XL:     4   Next: 27%
Magic:  3/3        EV:  9    Int:  5    God:
Gold:   91         SH:  4    Dex: 11    Spells: 3/3 levels left

rFire   . . .        a - +0 long sword
rCold   . . .        c - +0 buckler
rNeg    . . .        b - +0 scale mail
rPois   .            (helmet restricted)
rElec   .            (no cloak)
rCorr   .            (no gloves)
SInv    .            (no boots)
Will    +....        (no amulet) Stlth
                     h - ring of willpower
HPRegen 0.26/turn    (no ring)
MPRegen 0.08/turn

%: no passive effects
@: no status effects
A: horns 2, retaliatory headbutt
a: no special abilities


You were on level 3 of the Dungeon.
You visited 1 branch of the dungeon, and saw 3 of its levels.

You collected 91 gold pieces.

Inventory:

Hand Weapons
 a - a +0 long sword (weapon)
Armour
 b - a +0 scale mail (worn)
 c - a +0 buckler (worn)
Jewellery
 g - a ring of magical power
 h - a ring of willpower (left hand)
 k - an amulet of faith
Scrolls
 f - 2 scrolls of teleportation
 l - a scroll of enchant weapon {unknown}
 m - a scroll of identify
 n - a scroll of noise {unknown}
 p - a scroll of blinking {unknown}
 r - a scroll of acquirement {unknown}
Potions
 d - a potion of might
 e - a potion of ambrosia
 i - a potion of heal wounds {unknown}
 j - 2 potions of attraction {unknown}
 o - a potion of curing {unknown}
 q - a potion of invisibility {unknown}


   Skills:
 + Level 4.2 Fighting
 + Level 3.5 Long Blades
 + Level 4.5 Armour
 + Level 4.3 Shields


You had 3 spell levels left.
You didn't know any spells.
Your spell library was empty.

Dungeon Overview and Level Annotations

Branches:
Dungeon (3/15)

Altars:
Elyvilon
Gozag
Nemelex Xobeh
Sif Muna
Xom
The Shining One


Innate Abilities, Weirdness & Mutations

You have a pair of horns on your head.
You reflexively headbutt those who attack you in melee.


Message History

You see here a +0 pair of boots.
There is a stone staircase leading down here.
There is a stone staircase leading down here.
There is an open door here.
You open the door.
There is an open door here.
There is an open door here.
There is an open door here.
A gnoll comes into view.
It is wielding a +0 flail. 2 gnolls come into view.
The gnoll shouts! x2
You closely miss the gnoll. You headbutt the gnoll.
The gnoll is heavily wounded.
A gnoll comes into view. It is wielding a +0 spear.
The gnoll hits you with a +0 flail!
You slash the gnoll!
You kill the gnoll!
You see here a +0 flail.
Unknown command.
The gnoll hits you with a +0 halberd. The gnoll hits you with a +0 club.
You slash the gnoll!
The gnoll is severely wounded.
The gnoll hits you with a +0 halberd! The gnoll closely misses you.
The gnoll hits you with a +0 halberd.
* * * LOW HITPOINT WARNING * * *
The gnoll closely misses you.
You barely miss the gnoll.
The gnoll is severely wounded.
The gnoll hits you but does no damage. x2
An endoplasm comes into view.
The endoplasm quivers.
The gnoll hits you but does no damage. The gnoll barely misses you.
The gnoll hits you with a +0 club.
* * * LOW HITPOINT WARNING * * *
The gnoll attacks as you move away! The gnoll closely misses you.
You furiously retaliate!
You headbutt the gnoll!
The gnoll hits you from afar with a +0 spear.
* * * LOW HITPOINT WARNING * * *
The gnoll hits you from afar with a +0 halberd!
You die...

###############++##########
≈≈≈≈≈≈≈≈≈≈≈≈~.....~~≈≈≈≈≈≈≈
≈≈≈≈≈≈≈≈≈≈≈≈~~....~~≈≈≈≈≈≈~
~~~≈~~~~~~~≈~~....~~~~~~~~~
.~~~~.....~.~~....~~.~~...~
............^..............
.........gg................
....####g.................#
. ##.@...)............
#..................
#####..................
........................
########........(.........
#....# #..................
#....# #......((..........
#....###.........)........
#........8#8..)...........


You could see 3 gnolls.

Vanquished Creatures
  A gnoll (D:3)
  2 adders
  A worm (D:2)
  2 dart slugs
  5 orcs (D:3)
  3 endoplasms
  5 goblins
  2 hobgoblins (D:1)
  3 jackals (D:3)
  A quokka (D:1)
  4 ball pythons
  2 bats
  7 frilled lizards
  7 kobolds
  5 rats
50 creatures vanquished.

Notes
Turn   | Place    | Note
-------+----------+-------------------------------------------
     0 | D:1      | Peloso the Minotaur Fighter began the quest for the Orb.
     0 | D:1      | Reached XP level 1. HP: 19/19 MP: 0/0
   187 | D:1      | Reached XP level 2. HP: 27/27 MP: 1/1
   688 | D:2      | Reached XP level 3. HP: 33/33 MP: 2/2
  1217 | D:3      | Found a white marble altar of Elyvilon.
  1217 | D:3      | Found an opulent altar of Gozag.
  1219 | D:3      | Found a glowing golden altar of the Shining One.
  1227 | D:3      | Found a shimmering blue altar of Sif Muna.
  1357 | D:3      | Found a shimmering altar of Xom.
  1423 | D:3      | Reached XP level 4. HP: 38/40 MP: 3/3
  1478 | D:3      | Found a sparkling altar of Nemelex Xobeh.
  1586 | D:3      | Found a faded altar of an unknown god.
  1729 | D:3      | Slain by a gnoll

Illustrated notes

Levels and vault maps discovered:
D:1:      roderic_crop_circles_arrival_small, layout_basic, minmay_tromino_v2
D:2:      layout_basic
D:3:      minmay_goblin_kobold_castle, layout_rooms,
          mainiacjoe_overflow_24_doors, tgw_xom,
          nicolae_overflow_quartered_altars, dilly_ecumenical_altar_fadedgnrine,
          uniq_terence

Skill      XL: |  1  2  3 |
---------------+----------+-----
Shields        | 4 |  4.3
Armour         | 4 |  4.5
Fighting       | 4 |  4.2
Long Blades    | 3 |  3.5

Action                     |  1- 3 |  4- 6 || total
---------------------------+-------+-------++-------
  Melee: Long sword        |   152 |    10 ||   162
         Headbutt          |    37 |     3 ||    40
    Use: Scroll            |     3 |       ||     3
 Armour: Scale mail        |    63 |     5 ||    68
  Dodge: Dodged            |    45 |     6 ||    51
  Block: Buckler           |    32 |     3 ||    35
